 Dungeon Crawl Stone Soup version 0.29-a0-121-g8efb068a30 (webtiles) character file.

Game seed: 18396335663515624787

55 Gargoyl the Skirmisher (level 3, 0/24 HPs)
             Began as a Gargoyle Abyssal Knight on Feb 20, 2022.
             Was a Follower of Lugonu.
             Killed from afar by Natasha (5 damage)
             ... with a magic dart
             ... on level 2 of the Dungeon.
             The game lasted 00:01:02 (1355 turns).

Gargoyl the Skirmisher (Gargoyle Abyssal Knight)    Turns: 1355, Time: 00:01:03

Health: 0/24       AC:  6    Str: 18    XL:     3   Next: 93%
Magic:  4/4        EV: 11    Int: 10    God:    Lugonu [*.....]
Gold:   72         SH:  0    Dex: 10    Spells: 2/2 levels left

rFire   . . .      SeeInvis .   a - +2 hand axe
rCold   . . .      Faith    .   (no shield)
rNeg    + . .      Spirit   .   b - +0 leather armour
rPois   ∞          Reflect  .   (no helmet)
rElec   +          Harm     .   (no cloak)
rCorr   .          Rampage  .   (no gloves)
Will    .....                   (no boots)
Stlth   +.........              (no amulet)
HPRegen 0.08/turn               (no ring)
MPRegen 0.09/turn               (no ring)

@: slowed, very slow
A: sickness immunity, AC +3, negative energy resistance 1, electricity
resistance, torment resistance 1, petrification resistance
a: Renounce Religion, Depart the Abyss


You were on level 2 of the Dungeon.
You worshipped Lugonu.
Lugonu was aware of your devotion.
You visited 1 branch of the dungeon, and saw 2 of its levels.
You visited the Abyss 1 time.

You collected 72 gold pieces.

Inventory:

Hand Weapons
 a - a +2 hand axe (weapon)
Armour
 b - a +0 leather armour (worn)
Jewellery
 c - a ring of fire
Scrolls
 d - a scroll of identify
Potions
 e - a potion of lignification {unknown}
 f - a potion of magic
 g - a potion of cancellation {unknown}
 h - a potion of haste {unknown}
 i - a potion of might {unknown}


   Skills:
 + Level 4.0 Fighting
 + Level 2.6 Axes
 + Level 2.7 Armour
 + Level 0.9 Dodging
 + Level 0.2 Stealth
 + Level 2.1 Invocations


You had 2 spell levels left.
You didn't know any spells.
Your spell library contained the following spells:

 Spells                   Type           Power      Damage    Failure   Level
 Conjure Flame            Conj/Fire      0%         6-21      80%         3
 Ignite Poison            Fire/Tmut/Pois 0%         N/A       80%         3
 Sticky Flame             Conj/Fire      0%         2d3       99%         4


Dungeon Overview and Level Annotations

Branches:
Dungeon (2/15)

Altars:

Annotations:
D:2 Natasha


Innate Abilities, Weirdness & Mutations

You are immune to sickness and miasma.
Your stone body is resilient. (AC +3)
You are immune to poison.
You resist negative energy. (rN+)
You are resistant to electric shocks. (rElec)
You are resistant to unholy torment.
You are immune to petrification.


Message History

You closely miss the giant cockroach.
The giant cockroach is heavily wounded.
The giant cockroach bites you but does no damage.
You hit the giant cockroach.
You kill the giant cockroach!
Lugonu accepts your kill.
A worm comes into view.
A worm is nearby!
A worm is nearby!
The worm closely misses you.
You hit the worm.
The worm is moderately wounded.
You slash the worm!
The worm is heavily wounded.
The worm bites you!
You hit the worm.
The worm is severely wounded.
The worm bites you but does no damage.
You hit the worm.
The worm is almost dead.
The worm bites you!
You slash the worm!
You kill the worm!
Lugonu accepts your kill.
Natasha, Servant of Life and Death comes into view.
Found an escape hatch in the floor.
Natasha hisses angrily.
Natasha is nearby!
Natasha casts a spell at you. You resist with significant effort.
Natasha casts a spell at you.
You feel yourself slow down. Natasha casts a spell at you.
You feel as though you will be slow longer.
Natasha stares at you and mumbles some strange words.
The magic dart hits you.
* * * LOW HITPOINT WARNING * * *
Natasha casts a spell at you. The magic dart hits you.
You die...

#.#..# #.#..# ... .# .....# #.#
#.# ....># #.# #.# ...#.# #.+
#.### #.##.# ##.# #...# #.##.#
#..# #.#.#
.....#############..#######.#.#
#....)..........@.....h.....#>#
####################..#####.#.#
##.# #...# #.# #.### #.# #h#
#.# ... #.# ..#. #.# #.. . ..#
##


You could see Natasha.

Vanquished Creatures
  3 adders (D:2)
  A worm (D:2)
  An endoplasm (D:1)
  5 giant cockroaches
  2 hobgoblins
  3 jackals (D:1)
  4 kobolds
  A ball python (D:1)
  2 bats
  A frilled lizard (D:2)
  A rat (D:1)
24 creatures vanquished.

Vanquished Creatures (others)
  A withered plant (D:1)
1 creature vanquished.

Grand Total: 25 creatures vanquished

Notes
Turn   | Place    | Note
-------+----------+-------------------------------------------
     0 | Abyss:1  | Gargoyl the Gargoyle Abyssal Knight began the quest for the
                  | Orb.
     0 | Abyss:1  | Reached XP level 1. HP: 14/14 MP: 2/2
     0 | D:1      | Escaped the Abyss
   132 | D:1      | Reached * piety under Lugonu
   250 | D:1      | Found a faded altar of an unknown god.
   266 | D:1      | Reached XP level 2. HP: 19/19 MP: 3/3
  1190 | D:2      | Reached XP level 3. HP: 21/24 MP: 4/4
  1255 | D:2      | Reached skill level 4 in Fighting
  1343 | D:2      | Noticed Natasha
  1355 | D:2      | Killed from afar by Natasha

Illustrated notes

Levels and vault maps discovered:
D:1:      lightli_arrival_lavapool, layout_basic,
          ebering_ecumenical_altar_petrified
D:2:      layout_loops_ring, nrook_mini_vaults, uniq_natasha

Skill      XL: |  1  2  3 |
---------------+----------+-----
Axes           | 2 |  2.6
Fighting       | 4 |  4.0
Armour         | |  2.7
Dodging        | |  0.9
Stealth        | |  0.2
Invocations    | |  2.1

Action                   || total
-------------------------++-------
Melee: Hand axe          ||    51
Invok: Depart the Abyss  ||     1
  Use: Scroll            ||     3
Armor: Leather armour    ||    21
Dodge: Dodged            ||    36

Table legend: (Time is in decaauts)
 A = Elapsed time spent in this place.
 B = Non-inter-level travel time spent in this place.
 C = Inter-level travel time spent in this place.
 D = Time resting spent in this place.
 E = Time spent auto-exploring this place.
 F = Levels seen in this place.
 G = Mean time per level.
                   A        B        C        D        E       F      G
               +--------+--------+--------+--------+--------+-----+--------+
         Total |   1365 |   1365 |      0 |      0 |   1150 |   3 |  455.0 |
       Dungeon |   1365 |   1365 |      0 |      0 |   1150 |   2 |  682.5 |
         Abyss |      0 |      0 |      0 |      0 |      0 |   1 |    0.0 |
               +--------+--------+--------+--------+--------+-----+--------+

Top non-repeatable levels by time:
     D:1: 1127 daAuts
     D:2: 238 daAuts
